 Dungeon Crawl Stone Soup version 0.32-a0-994-gabb26cbae4 (webtiles) character file.

Game seed: 12796834847369253919

176 Revguard the Shield-Bearer (level 5, -5/33 HPs)
             Began as a Gargoyle Fighter on Apr 22, 2024.
             Slain by Menkaure (8 damage)
             ... on level 4 of the Dungeon.
             The game lasted 00:04:25 (2347 turns).

Revguard the Shield-Bearer (Gargoyle Fighter)       Turns: 2347, Time: 00:04:25

Health: -5/33      AC: 15    Str: 19    XL:     5   Next: 56%
Magic:  6/6        EV:  4    Int:  9    God:
Gold:   201        SH:  4    Dex: 11    Spells: 4/4 levels left

rFire   . . .        a - +0 war axe
rCold   . . .        c - +0 buckler
rNeg    + . .        r - +0 plate armour
rPois   ∞            (no helmet)
rElec   +            (no cloak)
rCorr   .            (no gloves)
SInv    .            (no boots)
Will    .....        (no amulet) Stlth
                     h - +4 ring of slaying
HPRegen 0.25/turn    (no ring)
MPRegen 0.10/turn

%: no passive effects
@: no status effects
A: sickness immunity, AC +4, negative energy resistance 1, electricity
resistance, torment resistance 1, petrification resistance
a: no special abilities


You were on level 4 of the Dungeon.
You visited 1 branch of the dungeon, and saw 4 of its levels.

You collected 201 gold pieces.

Inventory:

Hand Weapons
 a - a +0 war axe (weapon)
Armour
 b - a +0 scale mail
 c - a +0 buckler (worn)
 q - a +0 chain mail
 r - a +0 plate armour (worn)
Jewellery
 h - a +4 ring of slaying (left hand)
 m - a ring of flight
Scrolls
 f - 3 scrolls of identify {unknown}
 i - a scroll of amnesia {unknown}
 j - a scroll of fear {unknown}
 l - 3 scrolls of teleportation {unknown}
 n - a scroll of revelation {unknown}
 p - a scroll of fog {unknown}
 s - a scroll of acquirement {unknown}
 t - a scroll of noise {unknown}
Potions
 d - a potion of might
 e - a potion of curing {unknown}
 g - a potion of mutation {unknown}
 k - a potion of haste {unknown}
 o - a potion of magic {unknown}


   Skills:
 * Level 4.1 Fighting
 * Level 2.7 Axes
 + Level 3.7 Armour
 + Level 1.1 Dodging
 * Level 4.2 Shields
 + Level 1.4 Invocations
 + Level 1.0 Evocations


You had 4 spell levels left.
You didn't know any spells.
Your spell library contained the following spells:

 Spells                   Type           Power      Damage    Failure   Level
 Momentum Strike          Conj/Tloc      0%         3d8       100%        2
 Ignite Poison            Fire/Alch      0%         N/A       100%        4
 Sticky Flame             Fire/Alch      0%         2d4       100%        4


Dungeon Overview and Level Annotations

Branches:
Dungeon (4/15)
 Temple: D:4-7

Altars:

Annotations:
D:4 Menkaure


Innate Abilities, Weirdness & Mutations

You are immune to sickness and miasma.
Your stone body is resilient. (AC +4)
You are immune to poison.
You resist negative energy. (rN+)
You are resistant to electric shocks. (rElec)
You are resistant to unholy torment.
You are immune to petrification.


Message History

The ribbon worm bites you but does no damage. x2
Your Fighting skill increases to level 4!
Your Evocations skill increases to level 1!
You see here a +0 flail.
You slash the ribbon worm!
You kill the ribbon worm!
You feel less confused.
Things that are here:
a +2 short sword of freezing; a +0 leather armour; an orc corpse You see here a +0 flail.
Things that are here:
a +0 dagger; a +0 robe; an orc corpse You now have 201 gold pieces (gained 15).
Magic restored.
You feel a little less mighty now.
HP restored.
Menkaure, Prince of Dust comes into view.
Menkaure shouts!
Menkaure calls on the powers of darkness!
Your body is wracked with pain!
You hit Menkaure.
Menkaure is lightly damaged.
Menkaure casts a spell.
Menkaure seems to speed up.
You slash Menkaure!
Menkaure is severely damaged.
Menkaure calls on the powers of darkness!
Your body is wracked with pain!
You barely miss Menkaure.
Menkaure is severely damaged.
Menkaure calls on the powers of darkness!
Your body is wracked with pain!
Menkaure calls on the powers of darkness!
Your body is wracked with pain!
You barely miss Menkaure.
Menkaure is severely damaged.
Menkaure hits you!
* * * LOW HITPOINT WARNING * * *
Menkaure hits you!
You die...

#.# #.# . #.# .##
# #.# ..# #..##
#.# #.# ###
......####.#
#.###....
#.M@.#.###...#....
####......†.......
###..))....###
#...<).....#
.###....>#.##...
................
...)............
..###............
. #............


You could see Menkaure (fast).

Vanquished Creatures
  A bombardier beetle (D:3)
  An orc priest (D:4)
  An orc wizard (D:4)
  3 adders
  A ribbon worm (D:4)
  6 orcs
  4 ball pythons
  5 bats
  4 endoplasms
  A giant cockroach (D:3)
  4 hobgoblins
  3 quokkas
  5 frilled lizards
  5 goblins
  5 kobolds
  6 rats
55 creatures vanquished.

Notes
Turn   | Place    | Note
-------+----------+-------------------------------------------
     0 | D:1      | Revguard the Gargoyle Fighter began the quest for the Orb.
     0 | D:1      | Reached XP level 1. HP: 14/14 MP: 1/1
   128 | D:1      | Reached XP level 2. HP: 18/19 MP: 2/2
   629 | D:2      | Reached XP level 3. HP: 22/23 MP: 3/3
   769 | D:2      | Found a faded altar of an unknown god.
  1447 | D:2      | You fall into a shaft and drop 1 floor!
  1895 | D:3      | Reached XP level 4. HP: 29/29 MP: 4/4
  1977 | D:3      | Reached skill level 1 in Invocations
  2049 | D:3      | Got the Grimoire of Corresponding Pyromancy
  2074 | D:3      | Reached skill level 1 in Dodging
  2290 | D:4      | Reached XP level 5. HP: 29/33 MP: 5/5
  2293 | D:4      | Reached skill level 1 in Evocations
  2340 | D:4      | Noticed Menkaure
  2347 | D:4      | Slain by Menkaure

Illustrated notes

Levels and vault maps discovered:
D:1:      amcnicky_arrival_double_pillar, layout_rooms
D:2:      minmay_door_path, layout_loops_corners,
          hellmonk_ecumenical_altar_pennies_from_heaven, minmay_box_of_dots
D:3:      layout_loops_corners, kennysheep_generic_room_13
D:4:      layout_rooms, kennysheep_generic_room_12, uniq_natasha,
          uniq_blork_the_orc, uniq_menkaure

Skill      XL: |  1  2  3  4  5 |
---------------+----------------+-----
Axes           | 2 |  2.7
Shields        | 4 |  4.2
Invocations    | 1 |  1.4
Dodging        | 1 |  1.1
Fighting       | 4 |  4.1
Evocations     | 1 |  1.0
Armour         | |  3.7

Action                     |  1- 3 |  4- 6 || total
---------------------------+-------+-------++-------
  Melee: War axe           |    99 |    26 ||   125
    Use: Potion            |       |     1 ||     1
 Armour: Scale mail        |    40 |       ||    40
         Plate armour      |    27 |    28 ||    55
         Chain mail        |     5 |       ||     5
  Dodge: Dodged            |    36 |    11 ||    47
  Block: Buckler           |    17 |     5 ||    22

Table legend: (Time is in decaauts)
 A = Elapsed time spent in this place.
 B = Non-inter-level travel time spent in this place.
 C = Inter-level travel time spent in this place.
 D = Time resting spent in this place.
 E = Time spent auto-exploring this place.
 F = Levels seen in this place.
 G = Mean time per level.
                   A        B        C        D        E       F      G
               +--------+--------+--------+--------+--------+-----+--------+
         Total |   2400 |   2358 |     42 |      0 |   1888 |   4 |  600.0 |
       Dungeon |   2400 |   2358 |     42 |      0 |   1888 |   4 |  600.0 |
               +--------+--------+--------+--------+--------+-----+--------+

Top non-repeatable levels by time:
     D:2: 879 daAuts
     D:3: 848 daAuts
     D:1: 600 daAuts
     D:4: 72 daAuts
